 Dungeon Crawl Stone Soup version 0.21.1-1-g345015f (webtiles) character file.

3354 kaesh the Basher (level 9, 0/92 HPs)
             Began as a Troll Berserker on July 17, 2018.
             Was a Priest of Trog.
             Slain by a killer bee (6 damage)
             ... on level 8 of the Dungeon.
             The game lasted 00:28:13 (7393 turns).

kaesh the Basher (Troll Berserker)                  Turns: 7393, Time: 00:28:14

Health: 0/92       AC:  6    Str: 27 (28) XL:     9   Next: 73%
Magic:  8/8        EV: 12    Int:  2 (3)  God:    Trog [***...]
Gold:   392        SH:  0    Dex:  9      Spells: 8/8 levels left

rFire    . . .     SeeInvis .   v - -3 mace (curse)
rCold    . . .     Gourm    +   (no shield)
rNeg     . . .     Faith    .   b - +1 animal skin
rPois    .         Spirit   .   (helmet restricted)
rElec    .         Reflect  .   (no cloak)
rCorr    .         Harm     .   (gloves unavailable)
MR       ++...                  (boots unavailable)
Stlth    +.........             (no amulet)
HPRegen  1.65/turn              k - -2 ring of strength (curse)
MPRegen  0.11/turn              (no ring)

@: lethally poisoned (0 -> -1), berserk cooldown, regenerating, slowed, very
slow
A: large, unfitting armour, claws 3, blink, deterioration 1, fast metabolism 3,
gourmand, regeneration 1, shaggy fur 1, tough skin 2
a: Blink, Berserk, Trog's Hand, Burn Spellbooks, Renounce Religion


You were on level 8 of the Dungeon.
You worshipped Trog.
Trog was most pleased with you.
You were hungry.

You visited 1 branch of the dungeon, and saw 9 of its levels.

You collected 392 gold pieces.

Inventory:

Hand Weapons
 a - a +0 mace
 d - a +4 whip of freezing
 u - a +2 whip of electrocution
 v - a cursed -3 mace (weapon)
Armour
 b - a +1 animal skin (worn)
Jewellery
 k - a cursed -2 ring of strength (left claw)
Wands
 i - a wand of paralysis (15)
 j - a wand of digging (11)
 m - a wand of enslavement (13)
 t - a wand of flame (18)
Scrolls
 g - 4 scrolls of enchant armour
 h - 7 scrolls of teleportation
 n - 2 scrolls of enchant weapon
 q - a scroll of fog
 r - 5 scrolls of identify
 s - a scroll of remove curse
Potions
 f - 3 potions of curing
 l - a potion of ambrosia
 o - 3 potions of brilliance
 p - a potion of haste
Comestibles
 c - 20 rations


   Skills:
 + Level 6.5 Fighting
 + Level 9.1 Maces & Flails
 + Level 6.4 Dodging


You had 8 spell levels left.
You didn't know any spells.

Dungeon Overview and Level Annotations

Branches:
Dungeon (9/15)             Temple (0/1) D:7
   Lair: D:8-11         Orc: D:9-12

Altars:
Dithmenos
Elyvilon
Fedhas
Gozag
Hepliaklqana
Kikubaaqudgha
Makhleb
Uskayaw
Vehumet
Xom
Yredelemnul
The Shining One


Innate Abilities, Weirdness & Mutations

You are too large for most types of armour.
You have claws for hands.
Your metabolism is lightning-fast.
You like to eat raw meat.
Your natural rate of healing is unusually fast.
You are covered in fur. (AC +1)
You have very tough skin. (AC +2)
You can translocate small distances at will.
Your body sometimes deteriorates upon taking damage.


Message History

* * * LOW HITPOINT WARNING * * *
The killer bee stings you but does no damage.
You sock the killer bee!
The killer bee is heavily wounded.
The killer bee closely misses you. The killer bee misses you. x2
The killer bee stings you.
* * * LOW HITPOINT WARNING * * *
You are poisoned.
The killer bee poisons you!
The killer bee stings you but does no damage. x2
You feel better. The killer bee barely misses you.
The killer bee stings you but does no damage.
The killer bee stings you!
* * * LOW HITPOINT WARNING * * *
You are poisoned.
The killer bee poisons you! The killer bee stings you.
* * * LOW HITPOINT WARNING * * *
You are more poisoned.
The killer bee poisons you! The killer bee stings you.
You die...

###.####.>..##.##...........#..#
###.........##.###'###.........#
..#.###.....##.#..[..#......##.#
..#.####....##.#.♣.♣.#......##.#
###............#.._..###..####.#
#.##.##.#......#.♣.♣.#......##.#
(..#.##.......##.....#..#.#.##.#
...#.......##.####+###..#.#.##.#
P..###.....##.yy@yh.#..........#
...###<.##.##.#####.#..........#
.#........)...##...............#
.....##....................#...#
......#.......#..........#.##..#
......##.....)#..(.........##..#
###..........##..........#.##..#
....#........###.########......##
......##....##...###...........#.


You could see 3 killer bees and a jackal.

Vanquished Creatures
  Pikel (D:7)
  A hippogriff (D:7)
  Duvessa (D:4)
  3 orc warriors
  2 phantoms
  A necrophage (D:6)
  2 centaurs
  A big kobold (D:8)
  A gnoll sergeant (D:5)
  A bullfrog (D:7)
  Dowan (D:4)
  2 jellies (D:5)
  2 scorpions
  A killer bee (D:9)
  3 crimson imps
  A bullfrog zombie (D:6)
  A centaur zombie (D:7)
  A quasit (D:6)
  5 orc priests
  2 centaur skeletons
  2 hounds
  9 orc wizards
  An iguana (D:4)
  2 worker ants
  The ghost of letownia2 the Insei, a weakling DsGl (D:3)
  A hound skeleton (D:5)
  7 adders
  11 gnolls
  4 adder skeletons (D:4)
  3 worms
  4 dart slugs
  2 leopard geckos
  31 orcs
  9 bats
  3 giant cockroaches
  4 hobgoblins
  9 jackals (D:5)
  A quokka (D:5)
  3 frilled lizards
  5 goblins
  11 kobolds
  4 rats
160 creatures vanquished.

Vanquished Creatures (collateral kills)
  The ghost of Rwicked the Covert, a novice SpAs of Okawaru (D:8)
1 creature vanquished.

Vanquished Creatures (others)
  A slave (D:7)
  A human (D:4)
  An adder skeleton (D:7)
  2 orcs (D:7)
5 creatures vanquished.

Grand Total: 166 creatures vanquished

Notes
Turn   | Place    | Note
-------+----------+-------------------------------------------
     0 | D:1      | kaesh the Troll Berserker began the quest for the Orb.
     0 | D:1      | Reached XP level 1. HP: 22/22 MP: 0/0
   197 | D:1      | Reached XP level 2. HP: 23/29 MP: 1/1
   237 | D:1      | Reached skill level 3 in Maces & Flails
   818 | D:2      | Reached XP level 3. HP: 17/36 MP: 2/2
   849 | D:2      | Reached ** piety under Trog
   879 | D:2      | Found an opulent altar of Gozag.
  1185 | D:2      | Reached XP level 4. HP: 34/45 MP: 3/3
  1380 | D:3      | Found a shadowy altar of Dithmenos.
  1707 | D:3      | Gained mutation: Your body sometimes deteriorates upon taking damage. [potion of mutation]
  1707 | D:3      | Gained mutation: You can translocate small distances at will. [potion of mutation]
  1713 | D:3      | Found a hazy altar of Hepliaklqana.
  1725 | D:3      | Noticed letownia2's ghost (weakling DsGl)
  1731 | D:3      | Killed letownia2's ghost
  1731 | D:3      | Reached XP level 5. HP: 53/53 MP: 4/4
  1868 | D:3      | Noticed an orc warrior
  1913 | D:3      | Reached skill level 4 in Maces & Flails
  2009 | D:3      | Killed an orc warrior
  2267 | D:4      | Reached XP level 6. HP: 62/62 MP: 5/5
  2268 | D:4      | Reached *** piety under Trog
  2401 | D:4      | Found an ancient bone altar of Kikubaaqudgha.
  2401 | D:4      | Noticed a human
  2405 | D:4      | Killed a human
  2414 | D:4      | Noticed Duvessa
  2436 | D:4      | Noticed Dowan
  2446 | D:4      | Killed Duvessa
  2446 | D:4      | Reached skill level 5 in Maces & Flails
  2450 | D:4      | Killed Dowan
  2686 | D:4      | Found a shimmering altar of Xom.
  2780 | D:4      | Reached XP level 7. HP: 49/70 MP: 6/6
  3013 | D:5      | Entered Level 5 of the Dungeon
  3184 | D:5      | Reached skill level 6 in Maces & Flails
  3436 | D:5      | Reached XP level 8. HP: 50/79 MP: 7/7
  3654 | D:5      | Reached **** piety under Trog
  3669 | D:5      | Reached skill level 7 in Maces & Flails
  4032 | D:6      | Reached skill level 5 in Fighting
  4499 | D:6      | Reached skill level 5 in Dodging
  4717 | D:6      | Found a burning altar of Makhleb.
  4790 | D:6      | Found a white marble altar of Elyvilon.
  4791 | D:6      | Found a hide-covered altar of Uskayaw.
  4791 | D:6      | Found a radiant altar of Vehumet.
  5241 | D:7      | Reached skill level 8 in Maces & Flails
  5274 | D:7      | Reached XP level 9. HP: 80/86 MP: 8/8
  5278 | D:7      | Noticed Pikel
  5295 | D:7      | Killed Pikel
  6172 | D:7      | Found a staircase to the Ecumenical Temple.
  6356 | D:7      | Found a basalt altar of Yredelemnul.
  6739 | D:8      | Noticed Rwicked's ghost (novice SpAs)
  6937 | D:8      | Killed Rwicked's ghost
  6937 | D:8      | Reached skill level 9 in Maces & Flails
  7235 | D:8      | Found a glowing golden altar of the Shining One.
  7314 | D:8      | Found a blossoming altar of Fedhas.
  7393 | D:8      | Slain by a killer bee

Skill      XL: |  1  2  3  4  5  6  7  8  9 |
---------------+----------------------------+-----
Maces & Flails | 3 4 5 6 8 9 |  9.1
Fighting       | 3 4 5 6 |  6.5
Dodging        | 3 4 5 6 |  6.4

Action                   |  1- 3 |  4- 6 |  7- 9 || total
-------------------------+-------+-------+-------++-------
Melee: Whip              |    92 |   145 |   342 ||   579
       Mace              |     3 |       |   241 ||   244
Invok: Berserk           |     1 |     4 |     8 ||    13
       Burn Spellbooks   |       |     1 |     1 ||     2
       Trog's Hand       |       |       |     4 ||     4
       Brothers in Arms  |       |       |     2 ||     2
Evoke: Wand              |       |       |     1 ||     1
  Use: Scroll            |     4 |     4 |     3 ||    11
       Potion            |     2 |     7 |    10 ||    19
 Stab: Sleeping          |     1 |     1 |       ||     2
  Eat: Chunk             |    15 |    20 |    37 ||    72
       Ration            |       |       |     2 ||     2
Armor: Animal skin       |    38 |    41 |   188 ||   267
Dodge: Dodged            |    44 |    70 |   323 ||   437
